 Dungeon Crawl Stone Soup version 0.28-a0-1152-g9c71ebef14 (webtiles) character file.

Game seed: 1864967285325457240

44 SensoryNuts the Slasher (level 3, -2/27 HPs)
             Began as a Demonspawn Gladiator on Dec 14, 2021.
             Was an Initiate of Yredelemnul.
             Slain by a gnoll (5 damage)
             ... on level 2 of the Dungeon.
             The game lasted 00:01:44 (1329 turns).

SensoryNuts the Slasher (Demonspawn Gladiator)      Turns: 1329, Time: 00:01:45

Health: -2/27      AC:  6    Str: 16    XL:     3   Next: 41%
Magic:  3/3        EV: 12    Int:  9    God:    Yredelemnul [......]
Gold:   68         SH:  0    Dex: 14    Spells: 2/2 levels left

rFire   . . .      SeeInvis .   a - +0 long sword
rCold   . . .      Faith    .   (no shield)
rNeg    . . .      Spirit   .   b - +0 leather armour
rPois   .          Reflect  .   c - +0 helmet
rElec   .          Harm     .   (no cloak)
rCorr   .          Rampage  .   (no gloves)
Will    .....                   (no boots)
Stlth   +.........              (no amulet)
HPRegen 0.09/turn               (no ring)
MPRegen 0.08/turn               (no ring)

@: no status effects
A: molten scales 1, demonic guardian 1
a: Renounce Religion, Recall Undead Harvest


You were on level 2 of the Dungeon.
You worshipped Yredelemnul.
Yredelemnul was noncommittal.
You visited 1 branch of the dungeon, and saw 2 of its levels.

You collected 68 gold pieces.

Inventory:

Hand Weapons
 a - a +0 long sword (weapon)
Missiles
 d - 3 throwing nets (quivered)
Armour
 b - a +0 leather armour (worn)
 c - a +0 helmet (worn)
Jewellery
 e - a ring of ice
Potions
 f - a potion of ambrosia {unknown}
 g - a potion of curing {unknown}
 h - 3 potions of lignification {unknown}
 i - 3 potions of berserk rage {unknown}


   Skills:
 + Level 2.2 Fighting
 + Level 3.3 Long Blades
 + Level 1.8 Throwing
 + Level 1.0 Armour
 + Level 3.1 Dodging
 + Level 0.1 Stealth


You had 2 spell levels left.
You didn't know any spells.
Your spell library was empty.

Dungeon Overview and Level Annotations

Branches:
Dungeon (2/15)

Altars:
Yredelemnul

Shops:
D:1 [


Innate Abilities, Weirdness & Mutations

You are partially covered in molten scales. (AC +2)
A weak demonic guardian rushes to your aid.


Message History

The gnoll hits you from afar with a +0 spear.
* * * LOW HITPOINT WARNING * * *
The goblin hits you but does no damage.
A kobold comes into view. It is wielding a +0 dagger.
The gnoll hits something with a +0 halberd.
The gnoll barely misses you. The gnoll closely misses you.
You open the door.
Your quasit bites the goblin.
The goblin dies!
The gnoll misses your quasit. The gnoll barely misses you.
The gnoll closely misses you.
Unknown command.
Something completely misses your quasit.
The gnoll barely misses your quasit.
There is an open door here.
Your quasit bites the gnoll.
Your quasit claws the gnoll.
Your quasit claws the gnoll but does no damage.
Something misses your quasit. x2; Your quasit closely misses the gnoll.
Your quasit barely misses the gnoll. x2; The gnoll closely misses your quasit.
Your quasit closely misses the gnoll.
Your quasit claws the gnoll but does no damage.
Your quasit claws the gnoll.
Something completely misses your quasit.
Your quasit closely misses the gnoll.
Your quasit claws the gnoll but does no damage.
Your quasit barely misses the gnoll.
Your quasit bites the gnoll.
Your quasit closely misses the gnoll.
Your quasit claws the gnoll but does no damage.
Your quasit disappears in a puff of smoke!
The gnoll hits you with a +0 club.
* * * LOW HITPOINT WARNING * * *
A demonic guardian appears!
There is an open door here.
Your ufetubus hits the gnoll.
Your ufetubus barely misses the gnoll.
Your ufetubus closely misses the gnoll.
Your ufetubus barely misses the gnoll.
Okay, then.
You hit the gnoll but do no damage.
The gnoll is heavily wounded.
The gnoll hits you with a +0 club.
You die...
Your body rises from the dead as a mindless zombie.

#.....#............# P
#...g.#.....##'#.###
..
#....g####...#........
PPP#...g.#
###.#########
...#.....# #.(..#
...#.....# ####.#
...#.....# #.#.# ..
#.....###### ###.#
#.....5g@..# ##
#.....####.# ####### #


You could see a gnoll (ally target) and a friendly ufetubus (summoned).

Vanquished Creatures
  An adder (D:2)
  A worm (D:2)
  2 endoplasms
  2 goblins (D:1)
  4 hobgoblins
  5 jackals (D:1)
  2 kobolds (D:1)
  2 quokkas
  2 ball pythons (D:1)
  A bat (D:1)
  A frilled lizard (D:1)
  3 rats (D:1)
26 creatures vanquished.

Vanquished Creatures (collateral kills)
  2 goblins
  A jackal (D:1)
3 creatures vanquished.

Grand Total: 29 creatures vanquished

Notes
Turn   | Place    | Note
-------+----------+-------------------------------------------
     0 | D:1      | SensoryNuts the Demonspawn Gladiator began the quest for
                  | the Orb.
     0 | D:1      | Reached XP level 1. HP: 16/16 MP: 1/1
     5 | D:1      | Found Wustrucot's Antique Armour Shoppe.
   197 | D:1      | Gained mutation: A weak demonic guardian rushes to your
                  | aid. [demonic ancestry]
   197 | D:1      | Reached XP level 2. HP: 13/22 MP: 2/2
  1005 | D:2      | Gained mutation: You are partially covered in molten
                  | scales. (AC +2) [demonic ancestry]
  1005 | D:2      | Reached XP level 3. HP: 12/27 MP: 3/3
  1183 | D:2      | Reached skill level 1 in Armour
  1248 | D:2      | Found a basalt altar of Yredelemnul.
  1262 | D:2      | Became a worshipper of Yredelemnul the Dark
  1329 | D:2      | Slain by a gnoll

Illustrated notes

Levels and vault maps discovered:
D:1:      tarquinn_simple_flora_water_a, layout_loops_ring, serial_shops,
          shop_fountains
D:2:      layout_basic, basic_altar, serial_aquarium, aquarium_bridge_straight
          [aquarium_subvault_bridge, aquarium_subvault_wall,
          aquarium_subvault_bridge, aquarium_subvault_window],
          aquarium_bridge_square [aquarium_subvault_balcony,
          aquarium_subvault_wall, aquarium_subvault_bridge,
          aquarium_subvault_bridge], aquarium_window_corner,
          aquarium_window_fake, aquarium_window_1, aquarium_view_2e,
          aquarium_pool_1, uniq_sigmund

Skill      XL: |  1  2  3 |
---------------+----------+-----
Long Blades    | 3 |  3.3
Dodging        | 3 |  3.1
Armour         | 1 |  1.0
Fighting       | |  2.2
Throwing       | |  1.8
Stealth        | |  0.1

Action                   || total
-------------------------++-------
Melee: Long sword        ||    83
 Stab: Sleeping          ||     1
Armor: Leather armour    ||    30
Dodge: Dodged            ||    75

Table legend: (Time is in decaauts)
 A = Elapsed time spent in this place.
 B = Non-inter-level travel time spent in this place.
 C = Inter-level travel time spent in this place.
 D = Time resting spent in this place.
 E = Time spent auto-exploring this place.
 F = Levels seen in this place.
 G = Mean time per level.
                   A        B        C        D        E       F      G
               +--------+--------+--------+--------+--------+-----+--------+
         Total |   1349 |   1339 |     10 |      0 |   1073 |   2 |  674.5 |
       Dungeon |   1349 |   1339 |     10 |      0 |   1073 |   2 |  674.5 |
               +--------+--------+--------+--------+--------+-----+--------+

Top non-repeatable levels by time:
     D:1: 1010 daAuts
     D:2: 339 daAuts
